 Dungeon Crawl Stone Soup version 0.21-a0-286-g6fcecc0 (webtiles) character file.

135 nikopol the Chopper (level 4, -3/61 HPs)
             Began as a Minotaur Berserker on Sept 26, 2017.
             Was a Believer of Trog.
             Killed by divine providence
             ... invoked by an orc priest
              (13 damage)
             ... on level 3 of the Dungeon on Sept 27, 2017.
             The game lasted 00:03:57 (1898 turns).

nikopol the Chopper (Minotaur Berserker)            Turns: 1898, Time: 00:03:58

Health: -3/61      AC:  9    Str: 26    XL:     4   Next: 96%
Magic:  3/3        EV: 12    Int:  4    God:    Trog [**....]
Gold:   100        SH:  0    Dex: 11    Spells: 3/3 levels left

rFire    . . .     SeeInvis .   a - +0 hand axe
rCold    . . .     Gourm    .   (no shield)
rNeg     . . .     Faith    .   m - +0 ring mail
rPois    .         Spirit   .   (helmet restricted)
rElec    .         Reflect  .   y - +0 cloak
rCorr    .         Harm     .   t - +0 pair of gloves
MR       .....                  s - +0 pair of boots
Stlth    ..........             (no amulet)
HPRegen  0.20/turn              (no ring)
MPRegen  0.08/turn              (no ring)

@: berserking, very quick
A: retaliatory headbutt, horns 2
a: Berserk, Trog's Hand, Burn Spellbooks, Renounce Religion


You were on level 3 of the Dungeon.
You worshipped Trog.
Trog was pleased with you.
You were hungry.

You visited 1 branch of the dungeon, and saw 3 of its levels.

You collected 100 gold pieces.

Inventory:

Hand Weapons
 a - a +0 hand axe (weapon)
 j - a +0 club
Missiles
 k - 46 arrows (quivered)
Armour
 b - a +0 animal skin
 m - a +0 ring mail (worn)
 s - a +0 pair of boots (worn)
 t - a +0 pair of gloves (worn)
 y - a +0 cloak (worn)
Jewellery
 h - an uncursed ring of protection from cold {unknown}
 q - a cursed amulet of inaccuracy {unknown}
 A - a +3 ring of dexterity {unknown}
Scrolls
 g - 2 scrolls of remove curse {unknown}
 l - a scroll of enchant weapon {unknown}
 n - a scroll of recharging {unknown}
 p - 2 scrolls of magic mapping {unknown}
 r - a scroll of noise {unknown}
 u - a scroll of identify {unknown}
 x - a scroll of teleportation {unknown}
 C - a scroll of immolation {unknown}
 D - a scroll of blinking {unknown}
Potions
 d - a potion of invisibility {unknown}
 e - 5 potions of heal wounds {unknown}
 o - a potion of curing {unknown}
 v - a potion of brilliance {unknown}
 w - a potion of resistance {unknown}
 z - a potion of lignification {unknown}
Comestibles
 c - 4 bread rations
 f - 3 meat rations
 i - 3 fruits
 B - 2 chunks of flesh


   Skills:
 + Level 4.7 Fighting
 + Level 5.3 Axes
 + Level 3.2 Armour
 + Level 2.7 Dodging
 + Level 0.3 Stealth


You had 3 spell levels left.
You didn't know any spells.

Dungeon Overview and Level Annotations

Branches:
Dungeon (3/15)

Altars:
Ashenzari
Nemelex Xobeh
Okawaru


Innate Abilities, Weirdness & Mutations

You reflexively headbutt those who attack you in melee.
You have a pair of horns on your head.


Message History

You are too injured to fight recklessly!
You are too injured to fight recklessly!
You are too injured to fight recklessly!
A red film seems to cover your vision as you go berserk!
You feel yourself moving faster!
You feel mighty!
You are feeling hungry.
The orc wizard hits you but does no damage.
The orc priest calls down the wrath of Beogh upon you.
Beogh smites you!
* * * LOW HITPOINT WARNING * * *
You slash the orc wizard!
You kill the orc wizard!
Trog accepts your kill.
Trog appreciates your killing of a magic user.
You slash the orc!
You kill the orc!
Trog accepts your kill.
The orc priest mumbles some strange prayers to Beogh against you.
Beogh smites you!
You die...

..###### .#
#.####......... ...
#.............. ###
#..............
#..............
#..............
#..........†...
#..=......>....
..########..............
......o@)...............
..########.....########.
#.....# . #.....# .
#.##### #.# #.# ..


You could see an orc priest.

Vanquished Creatures
  An orc priest (D:3)
  An orc wizard (D:3)
  An adder (D:2)
  2 oozes
  A worm (D:3)
  6 dart slugs
  2 leopard geckos (D:1)
  2 orcs (D:3)
  3 giant cockroaches
  3 goblins (D:1)
  5 hobgoblins
  6 kobolds
  5 bats
  2 frilled lizards
  4 rats
44 creatures vanquished.

Notes
Turn   | Place    | Note
-------+----------+-------------------------------------------
     0 | D:1      | nikopol the Minotaur Berserker began the quest for the Orb.
     0 | D:1      | Reached XP level 1. HP: 19/19 MP: 0/0
   228 | D:1      | Reached XP level 2. HP: 27/27 MP: 1/1
   514 | D:1      | Reached skill level 4 in Axes
   565 | D:1      | Reached XP level 3. HP: 28/33 MP: 2/2
  1084 | D:2      | Found a sparkling altar of Nemelex Xobeh.
  1084 | D:2      | Found an iron altar of Okawaru.
  1117 | D:2      | Found a shattered altar of Ashenzari.
  1182 | D:2      | Reached ** piety under Trog
  1734 | D:3      | Reached XP level 4. HP: 39/41 MP: 3/3
  1886 | D:3      | Reached skill level 5 in Axes
  1898 | D:3      | Killed from afar by an orc priest

Vault maps used:
D:1:      lemuel_arrival_muddy, serial_bayou_lagoon_a, minmay_misc_feat_plants,
          minmay_hedge_maze, minmay_door_square
D:2:      chequers_temple_overflow_statue_of_worship, minivault_14,
          evilmike_ruin_ashenzari
D:3:      led_sif_book

Skill      XL: |  1  2  3  4 |
---------------+-------------+-----
Fighting       | 4 |  4.7
Axes           | 4 5 |  5.3
Armour         | 3 |  3.2
Dodging        | |  2.7
Stealth        | |  0.3

Action                   |  1- 3 |  4- 6 || total
-------------------------+-------+-------++-------
Melee: Hand axe          |    71 |    17 ||    88
       Headbutt          |    15 |     5 ||    20
Invok: Berserk           |       |     1 ||     1
  Eat: Chunk             |     2 |     1 ||     3
Armor: Animal skin       |     1 |       ||     1
       Ring mail         |    30 |     4 ||    34
Dodge: Dodged            |    37 |     7 ||    44

Table legend:
 A = Spawn XP
 B = Non-spawn XP
 C = Spawn XP percentage of total XP
 D = Spawn monster count
 E = Non-spawn monster count
 F = Spawn count percentage of total count
 G = Total turns spent on level
                    A         B        C        D         E        F      G
               +---------+---------+-------+---------+---------+-------+---------
         Total |       0 |     193 |   0.0 |       0 |      44 |   0.0 |  1898
               +---------+---------+-------+---------+---------+-------+---------
           D:1 |       0 |      42 |   0.0 |       0 |      20 |   0.0 |   954
           D:2 |       0 |      41 |   0.0 |       0 |      11 |   0.0 |   626
           D:3 |       0 |     110 |   0.0 |       0 |      13 |   0.0 |   318
               +---------+---------+-------+---------+---------+-------+---------
